 Dungeon Crawl Stone Soup version 0.29.0-4-gdea44cf6ec (webtiles) character file.

Game seed: 12061491072008587217

43 qw the Chopper (level 3, -1/23 HPs)
             Began as a Gargoyle Fighter on Sept 9, 2022.
             Slain by a gnoll
             ... wielding a +0 flail
              (5 damage)
             ... on level 2 of the Dungeon.
             The game lasted 00:00:19 (1257 turns).

qw the Chopper (Gargoyle Fighter)                   Turns: 1257, Time: 00:00:20

Health: -1/23      AC: 10    Str: 21    XL:     3   Next: 58%
Magic:  3/3        EV:  9    Int:  8    God:
Gold:   13         SH:  4    Dex:  9    Spells: 2/2 levels left

rFire   . . .      SeeInvis .   Y - +0 war axe
rCold   . . .      Faith    .   c - +0 buckler
rNeg    + . .      Spirit   .   b - +0 scale mail
rPois   inf        Reflect  .   (no helmet)
rElec   +          Harm     .   (no cloak)
rCorr   .          Rampage  .   (no gloves)
Will    .....                   (no boots)
Stlth   ..........              (no amulet)
HPRegen 0.07/turn               (no ring)
MPRegen 0.08/turn               (no ring)

@: no status effects
A: sickness immunity, AC +3, negative energy resistance 1, electricity
resistance, torment resistance 1, petrification resistance
a: no special abilities


You were on level 2 of the Dungeon.
You visited 1 branch of the dungeon, and saw 2 of its levels.

You collected 13 gold pieces.


Innate Abilities, Weirdness & Mutations

You are immune to sickness and miasma.
Your stone body is resilient. (AC +3)
You are immune to poison.
You resist negative energy. (rN+)
You are resistant to electric shocks. (rElec)
You are resistant to unholy torment.
You are immune to petrification.


   Skills:
 - Level 3.2 Fighting
 + Level 3.5 Axes
 - Level 3.2 Armour
 - Level 3.2 Shields


You had 2 spell levels left.
You didn't know any spells.
Your spell library was empty.

Inventory:

Hand Weapons
 Y - a +0 war axe (weapon)
Armour
 b - a +0 scale mail (worn)
 c - a +0 buckler (worn)
Potions
 d - 3 potions of might
 e - a potion of magic {unknown}

Dungeon Overview and Level Annotations

Branches:
Dungeon (2/15)

Altars:


Message History

The goblin hits you but does no damage. The kobold hits you but does no damage.
The goblin barely misses you.
The hobgoblin hits you but does no damage.
Robin misses you.
You hit the goblin but do no damage.
The goblin is severely wounded.
You barely miss the goblin. You hit Robin. You closely miss the hobgoblin.
You slash the kobold!
You kill the kobold!
Robin says, "Bow before me, strongest of all the hobgoblins!"
Robin closely misses you. You block the goblin's attack.
You block the hobgoblin's attack. The goblin barely misses you.
You slash the goblin!
You kill the goblin!
You hit the goblin. You slash Robin!
You kill Robin!
You barely miss the hobgoblin. You slash the kobold!
You kill the kobold!
The goblin no longer looks unusually strong.
The hobgoblin barely misses you. The goblin barely misses you.
The adder barely misses you. The gnoll completely misses you.
The goblin hits you with a +0 club. The hobgoblin barely misses you.
You barely miss the goblin.
The goblin is heavily wounded.
You hit the adder. You slash the hobgoblin!
You kill the hobgoblin!
You slash the gnoll! The adder bites you but does no damage.
The adder barely misses you. The gnoll hits you but does no damage.
The goblin barely misses you.
You hit the gnoll.
The gnoll is almost dead.
You barely miss the goblin. You closely miss the adder. You hit the gnoll.
The goblin no longer looks unusually strong.
The adder bites you. The gnoll barely misses you. The gnoll closely misses you.
The goblin barely misses you. The adder bites you but does no damage.
You barely miss the gnoll.
The gnoll is almost dead.
You closely miss the goblin. You completely miss the adder. You hit the gnoll.
You block the gnoll's attack. The gnoll hits you with a +0 flail.
You die...

.# .# #.## ... .. g#
# ##S#.##."
#############@g......
.......<....)gg#....#
##############.# ###
.# .# .. ##


You could see 2 gnolls, an adder and 2 goblins.

Vanquished Creatures
  Robin (D:2)
  2 dart slugs (D:1)
  2 bats (D:1)
  An endoplasm (D:1)
  A giant cockroach (D:1)
  8 goblins
  3 hobgoblins
  A quokka (D:1)
  3 ball pythons (D:1)
  2 frilled lizards (D:1)
  2 kobolds (D:2)
  A rat (D:1)
27 creatures vanquished.

Notes
Turn   | Place    | Note
-------+----------+-------------------------------------------
     0 | D:1      | qw the Gargoyle Fighter began the quest for the Orb.
     0 | D:1      | Reached XP level 1. HP: 14/14 MP: 1/1
     0 | D:1      | 0 ||| qw: Version: 0.1-a-113-g051387a
     0 | D:1      | 0 ||| qw: Game counter: 7172
     0 | D:1      | 0 ||| qw: Always use a shield: true
     0 | D:1      | 0 ||| qw: God list: Okawaru
     0 | D:1      | 0 ||| qw: Allow faded altars: false
     0 | D:1      | 0 ||| qw: Do Orc after D:15 true
     0 | D:1      | 0 ||| qw: Do second Lair branch before Depths: true
     0 | D:1      | 0 ||| qw: Lair rune preference: random
     0 | D:1      | 0 ||| qw: Plans: Normal, Zot, God:TSO, Crypt, Tomb, Zig,
                  | Orb
     0 | D:1      | 0 ||| PLANNING D:1-11
    84 | D:1      | 84 ||| Stepping ~*~*~tactically~*~*~ (hiding).
   314 | D:1      | Reached XP level 2. HP: 19/19 MP: 2/2
   341 | D:1      | Found a faded altar of an unknown god.
   937 | D:1      | Reached skill level 3 in Axes
  1138 | D:1      | 1138 ||| READING scroll labelled KUR XAIMPA.
  1187 | D:1      | 1187 ||| READING scroll labelled UTHAUX IMAO.
  1239 | D:2      | Noticed Robin
  1245 | D:2      | Reached XP level 3. HP: 20/23 MP: 3/3
  1254 | D:2      | Killed Robin
  1256 | D:2      | HP: 4/23 [adder (3)]
  1257 | D:2      | Slain by a gnoll

Levels and vault maps discovered:
D:1:      ebering_hopf_link, layout_loops_corners, basic_ecumenical_altar
D:2:      cheibrodos_fertilizer, layout_loops_ring, minmay_misc_feat_tower,
          minmay_goblin_kobold_house, uniq_robin

Skill      XL: |  1  2 |
---------------+-------+-----
Axes           | 2 3 |  3.5
Fighting       | |  3.2
Armour         | |  3.2
Shields        | |  3.2

Action                   || total
-------------------------++-------
Melee: War axe           ||    68
  Use: Scroll            ||     2
Armor: Scale mail        ||    55
Dodge: Dodged            ||    56
Block: Buckler           ||    20

Table legend:
 A = Non-vault XP
 B = Vault XP
 C = Vault XP percentage of total XP
 D = Non-vault monster count
 E = Vault monster count
 F = Vault count percentage of total count
                 A         B        C        D         E       F
            +---------+---------+-------+---------+---------+-------
      Total |      32 |      30 |  48.4 |      17 |      10 |  37.0
            +---------+---------+-------+---------+---------+-------
        D:1 |      30 |       0 |   0.0 |      15 |       0 |   0.0
        D:2 |       2 |      30 |  93.8 |       2 |      10 |  83.3
            +---------+---------+-------+---------+---------+-------
